 Seeded DCSS version 0.29-a0-371-g91724d5b39 (webtiles) character file.

Game seed: 20220502 (custom seed)

115 klau3 the Slasher (level 4, -1/41 HPs)
             Began as a Minotaur Berserker on May 2, 2022.
             Was a Believer of Trog.
             Slain by a kobold brigand
             ... wielding a +0 club
              (4 damage)
             ... on level 3 of the Dungeon.
             The game lasted 00:08:15 (2794 turns).

klau3 the Slasher (Minotaur Berserker)              Turns: 2794, Time: 00:08:16

Health: -1/41      AC:  9    Str: 23    XL:     4   Next: 68%
Magic:  3/3        EV:  8    Int:  4    God:    Trog [**....]
Gold:   74         SH:  0    Dex: 10    Spells: 3/3 levels left

rFire   . . .      SeeInvis .   a - +0 falchion
rCold   . . .      Faith    .   (no shield)
rNeg    + . .      Spirit   .   p - +0 chain mail
rPois   .          Reflect  .   (helmet restricted)
rElec   .          Harm     .   (no cloak)
rCorr   .          Rampage  .   (no gloves)
Will    .....                   (no boots)
Stlth   ..........              (no amulet)
HPRegen 0.13/turn               r - ring of positive energy
MPRegen 0.08/turn               (no ring)

@: no status effects
A: horns 2, retaliatory headbutt
a: Renounce Religion, Berserk, Trog's Hand


You were on level 3 of the Dungeon.
You worshipped Trog.
Trog was pleased with you.
You visited 1 branch of the dungeon, and saw 3 of its levels.

You collected 74 gold pieces.

Inventory:

Hand Weapons
 a - a +0 falchion (weapon)
 g - a +0 club
 k - a +0 war axe
 t - a +0 rapier
Missiles
 o - 65 stones (quivered)
 s - 2 poisoned darts
Armour
 b - a +0 animal skin
 e - a +0 robe
 f - a +0 robe
 j - a +0 ring mail
 p - a +0 chain mail (worn)
 q - a +0 scale mail
Jewellery
 r - a ring of positive energy (left hand)
Scrolls
 c - a scroll of fear
 i - a scroll of identify
Potions
 m - a potion of berserk rage {unknown}
 u - a potion of degeneration {unknown}
 w - a potion of lignification {unknown}


   Skills:
 + Level 4.4 Fighting
 + Level 5.5 Long Blades
 + Level 3.1 Armour
 + Level 2.4 Dodging
 + Level 0.3 Stealth


You had 3 spell levels left.
You didn't know any spells.
Your spell library contained the following spells:

 Spells                   Type           Power      Damage    Failure   Level
 Summon Small Mammal      Summ           0%         N/A       99%         1
 Dazzling Flash           Conj/Hex       0%         N/A       100%        3
 Iskenderun's Mystic Bla  Conj/Tloc      0%         2d3       100%        4
 Blade Hands              Tmut           0%         N/A       100%        5
 Irradiate                Conj/Tmut      0%         3d13      100%        5
 Starburst                Conj/Fire      0%         6d3       100%        6
 Dragon Form              Tmut           0%         N/A       100%        7


Dungeon Overview and Level Annotations

Branches:
Dungeon (3/15)

Altars:
Vehumet

Shops:
D:3 [


Innate Abilities, Weirdness & Mutations

You have a pair of horns on your head.
You reflexively headbutt those who attack you in melee.


Message History

The kobold hits you but does no damage.
The kobold brigand hits you with a +0 club!
* * * LOW HITPOINT WARNING * * *
You closely miss the kobold brigand.
The kobold brigand is moderately wounded.
The kobold hits you but does no damage.
The kobold brigand hits you with a +0 club!
* * * LOW HITPOINT WARNING * * *
You hit the kobold brigand. You headbutt the kobold brigand!
The kobold brigand is almost dead.
The kobold hits you but does no damage. The kobold brigand barely misses you.
You feel better. The kobold hits you but does no damage.
The kobold brigand hits you but does no damage.
You feel better. The kobold hits you but does no damage.
The kobold brigand hits you with a +0 club!
* * * LOW HITPOINT WARNING * * *
You barely miss the kobold brigand.
The kobold brigand is almost dead.
The kobold hits you with a +0 club.
* * * LOW HITPOINT WARNING * * *
The kobold brigand hits you with a +0 club.
* * * LOW HITPOINT WARNING * * *
The kobold closely misses you.
You barely miss the kobold brigand.
You headbutt the kobold brigand, but do no damage.
The kobold brigand is almost dead.
The kobold brigand hits you but does no damage.
The kobold closely misses you.
You closely miss the kobold brigand. Your punch misses the kobold brigand.
The kobold brigand is almost dead.
The kobold brigand hits you with a +0 club.
* * * LOW HITPOINT WARNING * * *
A kobold comes into view. It is wielding a +0 dagger.
The kobold hits you with a +0 club.
* * * LOW HITPOINT WARNING * * *
You hit the kobold brigand but do no damage.
You punch the kobold brigand, but do no damage.
The kobold brigand is almost dead.
The kobold brigand hits you with a +0 club.
You die...

*,,,,,,,* *,,,,,,>,,,*
*,,,,,,,* *,,,,,,,,,,*
*,,,,,,,* *,,,,,,,,,,*
*,,,,,,,** **,,,,,,,,,,*
*,,,,,,,,*****,,,,,,,,,,,*
,,,≈≈≈≈≈,,,,,,,,,,,,,,,,,*
,≈≈≈≈≈≈≈≈,,,,#######******
***≈≈≈≈≈≈≈≈###.K...######
,,***≈*****#...K@.......#
,,,,***,,.....#####.....##
**,,,,,,,K..###≈≈≈####)))#
****,,,**####≈≈≈≈≈≈≈≈.)).#
,,,******#.≈≈≈≈≈≈≈≈≈.....#
.#...,,,*#.....≈≈≈.....).#
....*****#...............#
...#* #...............#
...* ####.............##


You could see a kobold brigand and 2 kobolds.

Vanquished Creatures
  5 adders
  2 worms (D:2)
  2 dart slugs (D:1)
  An orc (D:3)
  6 endoplasms
  7 giant cockroaches
  2 goblins (D:1)
  9 hobgoblins
  3 jackals (D:1)
  9 kobolds
  2 quokkas (D:1)
  A bat (D:1)
  A frilled lizard (D:1)
  6 rats (D:2)
56 creatures vanquished.

Notes
Turn   | Place    | Note
-------+----------+-------------------------------------------
     0 | D:1      | klau3 the Minotaur Berserker began the quest for the Orb.
     0 | D:1      | Reached XP level 1. HP: 19/19 MP: 0/0
   445 | D:1      | Reached XP level 2. HP: 27/27 MP: 1/1
   533 | D:1      | Reached skill level 4 in Long Blades
   748 | D:1      | Found a faded altar of an unknown god.
   760 | D:1      | Got Plato's Handbook of the Escort
  1004 | D:1      | Reached XP level 3. HP: 30/33 MP: 2/2
  1445 | D:2      | Found a radiant altar of Vehumet.
  1800 | D:2      | Reached ** piety under Trog
  2069 | D:2      | Reached skill level 5 in Long Blades
  2069 | D:2      | Reached XP level 4. HP: 38/41 MP: 3/3
  2532 | D:3      | Found Camot's Armour Boutique.
  2772 | D:3      | Noticed a kobold brigand
  2794 | D:3      | Slain by a kobold brigand

Illustrated notes

Levels and vault maps discovered:
D:1:      minmay_arrival_four_houses, layout_loops_corners,
          shapermc_ecumenical_altar_rom_forum, minmay_misc_feat_doors
D:2:      layout_loops_corners, basic_altar, minmay_heptomino_w4
D:3:      cheibrodos_thug_alley, layout_rooms, serial_shops, shop

Skill      XL: |  1  2  3  4 |
---------------+-------------+-----
Long Blades    | 4 5 |  5.5
Fighting       | 4 |  4.4
Armour         | 3 |  3.1
Dodging        | |  2.4
Stealth        | |  0.3

Action                   |  1- 3 |  4- 6 || total
-------------------------+-------+-------++-------
Melee: Falchion          |   105 |    70 ||   175
       Punch             |     1 |     2 ||     3
       Headbutt          |     9 |    13 ||    22
  Use: Scroll            |       |     6 ||     6
       Potion            |       |     2 ||     2
Armor: Robe              |     4 |       ||     4
       Animal skin       |     1 |       ||     1
       Ring mail         |    16 |       ||    16
       Chain mail        |    23 |    57 ||    80
Dodge: Dodged            |    56 |    39 ||    95

Table legend: (Time is in decaauts)
 A = Elapsed time spent in this place.
 B = Non-inter-level travel time spent in this place.
 C = Inter-level travel time spent in this place.
 D = Time resting spent in this place.
 E = Time spent auto-exploring this place.
 F = Levels seen in this place.
 G = Mean time per level.
                   A        B        C        D        E       F      G
               +--------+--------+--------+--------+--------+-----+--------+
         Total |   2804 |   2770 |     34 |     13 |   1553 |   3 |  934.7 |
       Dungeon |   2804 |   2770 |     34 |     13 |   1553 |   3 |  934.7 |
               +--------+--------+--------+--------+--------+-----+--------+

Top non-repeatable levels by time:
     D:1: 1451 daAuts
     D:2: 1089 daAuts
     D:3: 263 daAuts
